 Dungeon Crawl Stone Soup version 0.20.1-1-g8b1a95d (webtiles) character file.

11932 batman37 the Brawler (level 11, -1/105 HPs)
             Began as a Troll Monk on Nov 14, 2017.
             Was a High Priest of Makhleb.
             Slain by a 12-headed hydra (4 damage)
             ... on level 11 of the Dungeon on Nov 15, 2017.
             The game lasted 00:54:55 (10007 turns).

batman37 the Brawler (Troll Monk)                  Turns: 10007, Time: 00:55:05

Health: -1/105     AC:  7    Str: 24    XL:     11   Next: 55%
Magic:  10/10      EV: 18    Int:  6    God:    Makhleb [*****.]
Gold:   640        SH:  4    Dex: 12    Spells: 10/10 levels left

rFire    . . .     SeeInvis .     - Unarmed
rCold    . . .     Gourm    +   (no shield)
rNeg     . . .     Faith    .   a - +0 robe
rPois    .         Spirit   .   (helmet restricted)
rElec    .         Reflect  +   (no cloak)
rCorr    .         Harm     .   (gloves unavailable)
MR       .....                  (boots unavailable)
Stlth    ++........             H - +4 amulet of reflection
Regen    0.7/turn               d - +2 ring of protection
MPRegen  0.2/turn               u - +6 ring of evasion

@: no status effects
A: unfitting armour, claws 3, fast metabolism 3, gourmand, regeneration 1,
shaggy fur 1, tough skin 2
a: Minor Destruction, Lesser Servant of Makhleb, Major Destruction, Greater
Servant of Makhleb, Renounce Religion


You were on level 11 of the Dungeon.
You worshipped Makhleb.
Makhleb was extremely pleased with you.
You were not hungry.

You visited 2 branches of the dungeon, and saw 12 of its levels.

You collected 640 gold pieces.

Inventory:

Armour
 a - a +0 robe (worn)
Jewellery
 c - an uncursed ring of fire
 d - a +2 ring of protection (left claw)
 n - an uncursed ring of protection from cold
 u - a +6 ring of evasion (right claw)
 H - a +4 amulet of reflection (around neck)
Wands
 D - a wand of clouds (4/9)
 E - a wand of clouds (2/9)
 N - a wand of flame (17/48)
Scrolls
 f - 2 scrolls of enchant armour {unknown}
 h - a scroll of recharging {unknown}
 i - 13 scrolls of identify {unknown}
 j - a scroll of random uselessness {unknown}
 k - a scroll of amnesia {unknown}
 m - 5 scrolls of teleportation {unknown}
 o - 5 scrolls of remove curse {unknown}
 q - a scroll of magic mapping {unknown}
 v - a scroll of enchant weapon {unknown}
 y - 2 scrolls of noise {unknown}
 A - 2 scrolls of fog {unknown}
 B - 3 scrolls of immolation {unknown}
 L - a scroll of fear {unknown}
 O - a scroll of summoning {unknown}
Potions
 e - 4 potions of haste {unknown}
 l - 2 potions of brilliance {unknown}
 p - 3 potions of flight {unknown}
 t - 2 potions of degeneration {unknown}
 w - a potion of lignification {unknown}
 x - a potion of mutation {unknown}
 z - a potion of agility {unknown}
 F - 2 potions of curing {unknown}
 G - 2 potions of might {unknown}
 I - a potion of cancellation {unknown}
 J - a potion of resistance {unknown}
Books
 r - a book of Power

   Spells                             Type                      Level
   a - Iskenderun's Battlesphere      Conjuration/Charms           5
   b - Venom Bolt                     Conjuration/Poison           5
   c - Bolt of Magma                  Conjuration/Fire/Earth       5
   d - Iron Shot                      Conjuration/Earth            6
   e - Orb of Destruction             Conjuration                  7
   f - Spellforged Servitor           Conjuration/Summoning        7
 s - a book of Conjurations

   Spells                             Type                      Level
   a - Magic Dart                     Conjuration                  1
   b - Searing Ray                    Conjuration                  2
   c - Dazzling Spray                 Conjuration/Hexes            3
   d - Fulminant Prism                Conjuration/Hexes            4
   e - Force Lance                    Conjuration/Translocation    4
   f - Iskenderun's Mystic Blast      Conjuration                  4
 K - a book of Debilitation

   Spells                             Type                      Level
   a - Corona                         Hexes                        1
   b - Slow                           Hexes                        2
   c - Inner Flame                    Hexes/Fire                   3
   d - Portal Projectile              Hexes/Translocation          3
   e - Cause Fear                     Hexes                        4
   f - Leda's Liquefaction            Hexes/Earth                  4
 M - a book of Minor Magic

   Spells                             Type                      Level
   a - Magic Dart                     Conjuration                  1
   b - Blink                          Translocation                2
   c - Call Imp                       Summoning                    2
   d - Slow                           Hexes                        2
   e - Conjure Flame                  Conjuration/Fire             3
   f - Mephitic Cloud                 Conjuration/Poison/Air       3
Comestibles
 b - 5 bread rations
 g - 9 fruits
 C - 5 royal jellies


   Skills:
 * Level 5.6 Fighting
 + Level 6.1 Dodging
 - Level 1.0 Stealth
 * Level 15.6 Unarmed Combat


You had 10 spell levels left.
You didn't know any spells.

Dungeon Overview and Level Annotations

Branches:
Dungeon (11/15)            Temple (1/1) D:4            Lair (0/6) D:9
    Orc (0/2) D:9

Altars:
Cheibriados
Dithmenos
Elyvilon
Fedhas
Gozag
Hepliaklqana
Makhleb
Nemelex Xobeh
Okawaru
Qazlal
Ru
Sif Muna
Trog
Uskayaw
Vehumet
Xom
Yredelemnul
Zin
The Shining One

Shops:
D:9 (}


Innate Abilities, Weirdness & Mutations

You are too large for most types of armour.
You have claws for hands.
Your metabolism is lightning-fast.
You like to eat raw meat.
Your natural rate of healing is unusually fast.
You are covered in fur. (AC +1)
You have very tough skin. (AC +2)


Message History

* * * LOW HITPOINT WARNING * * *
The 12-headed hydra misses you.
The 12-headed hydra completely misses you.
The 12-headed hydra bites you.
* * * LOW HITPOINT WARNING * * *
The 12-headed hydra closely misses you. x2
Memorise Blink, consuming 2 spell levels and leaving 8? [Y]es or [N]o only, please.
Memorise Blink, consuming 2 spell levels and leaving 8?
The 12-headed hydra bites you but does no damage.
Your memorisation is interrupted.
The 12-headed hydra barely misses you. x2
The 12-headed hydra misses you.
The 12-headed hydra bites you but does no damage.
You block the 12-headed hydra's attack.
The 12-headed hydra bites you but does no damage.
The 12-headed hydra bites you.
* * * LOW HITPOINT WARNING * * *
The 12-headed hydra completely misses you.
The 12-headed hydra closely misses you. The 12-headed hydra bites you.
You die...

....#
#.....#
....#
#.....#
.[..#
#.....#
##.#####
#.....#
#####.# #.#
#####.####
#....@...#
#....D...#
#........#
#....$...#
#........#
#........#
..........
##........##


You could see a 12-headed hydra.

Vanquished Creatures
  Gastronok (D:9)
  2 two-headed ogres
  The ghost of Duckymcclin the Cleaver, a novice FoFi (D:5)
  Pikel (D:8)
  Psyche (D:9)
  Maurice (D:8)
  A queen bee (D:9)
  A troll (D:10)
  3 hippogriffs
  A wyvern (D:9)
  A wraith (D:10)
  2 hungry ghosts
  A slave (D:8)
  2 sky beasts
  3 orc warriors
  A black bear (D:10)
  2 ice beasts
  3 phantoms
  8 ogres
  3 centaurs
  Blork the orc (D:4)
  7 bullfrogs
  A wyvern skeleton (D:10)
  3 scorpions
  23 killer bees
  2 howler monkeys
  6 electric eels
  6 crimson imps
  2 centaur skeletons
  6 hounds
  2 centaur zombies
  2 orc priests
  Crazy Yiuf (D:7)
  4 jellies
  A bullfrog skeleton (D:10)
  A gnoll shaman (D:6)
  6 iguanas
  An orc wizard (D:7)
  14 worker ants
  A worker ant zombie (D:6)
  12 gnolls
  13 adders
  A howler monkey skeleton (D:9)
  2 shadow imps
  3 oozes
  3 adder skeletons
  2 dart slugs (D:1)
  8 leopard geckos
  29 orcs
  3 ball pythons (D:3)
  7 giant cockroaches
  11 goblins
  8 hobgoblins
  14 jackals
  6 quokkas
  10 bats
  7 frilled lizards
  A jackal skeleton (D:4)
  13 kobolds
  A leopard gecko skeleton (D:5)
  A quokka skeleton (D:7)
  11 rats
  3 plants (D:10)
298 creatures vanquished.

Vanquished Creatures (others)
  A centaur zombie (D:5)
  A bullfrog skeleton (D:8)
  A goblin (D:9)
3 creatures vanquished.

Grand Total: 301 creatures vanquished

Notes
Turn   | Place    | Note
-------+----------+-------------------------------------------
     0 | D:1      | batman37 the Troll Monk began the quest for the Orb.
     0 | D:1      | Reached XP level 1. HP: 22/22 MP: 0/0
   228 | D:1      | Reached XP level 2. HP: 28/29 MP: 1/1
   495 | D:1      | Reached XP level 3. HP: 27/36 MP: 2/2
  1099 | D:2      | Reached skill level 4 in Unarmed Combat
  1466 | D:2      | Reached XP level 4. HP: 44/44 MP: 3/3
  2186 | D:3      | Found a hazy altar of Hepliaklqana.
  2323 | D:3      | Found a glowing drain.
  2431 | D:3      | Found a deep blue altar of Sif Muna.
  2607 | D:3      | Reached XP level 5. HP: 51/52 MP: 4/4
  2608 | D:3      | Reached skill level 5 in Unarmed Combat
  2631 | D:3      | Found a sparkling altar of Nemelex Xobeh.
  3091 | D:4      | Found a staircase to the Ecumenical Temple.
  3108 | Temple   | Entered the Ecumenical Temple
  3162 | Temple   | Became a worshipper of Makhleb the Destroyer
  3162 | Temple   | Reached * piety under Makhleb
  3162 | Temple   | Reached ** piety under Makhleb
  3339 | D:4      | Reached XP level 6. HP: 61/61 MP: 5/5
  3349 | D:4      | Reached skill level 6 in Unarmed Combat
  3432 | D:4      | Reached skill level 7 in Unarmed Combat
  3446 | D:4      | Reached XP level 7. HP: 37/67 MP: 6/6
  3582 | D:4      | Noticed Blork the orc
  3599 | D:4      | Killed Blork the orc
  3599 | D:4      | Reached skill level 8 in Unarmed Combat
  3869 | D:4      | porn
  4225 | D:5      | Entered Level 5 of the Dungeon
  4251 | D:5      | Reached XP level 8. HP: 61/75 MP: 7/7
  4347 | D:5      | Noticed Duckymcclin's ghost (novice FoFi)
  4362 | D:5      | Killed Duckymcclin's ghost
  4362 | D:5      | Reached skill level 10 in Unarmed Combat
  4483 | D:5      | Found a shadowy altar of Dithmenos.
  4709 | D:5      | Reached *** piety under Makhleb
  4916 | D:5      | Found a sparkling altar of Nemelex Xobeh.
  4991 | D:5      | Found a bloodstained altar of Trog.
  5206 | D:6      | Reached XP level 9. HP: 84/84 MP: 8/8
  5325 | D:6      | Found a white marble altar of Elyvilon.
  5371 | D:6      | Found a glowing golden altar of the Shining One.
  5411 | D:6      | Reached skill level 11 in Unarmed Combat
  5748 | D:6      | Found a glowing silver altar of Zin.
  5748 | D:6      | Found an opulent altar of Gozag.
  6021 | D:7      | Found a radiant altar of Vehumet.
  6049 | D:7      | Reached **** piety under Makhleb
  6371 | D:7      | Reached skill level 12 in Unarmed Combat
  6771 | D:7      | Found a runed door.
  6775 | D:7      | Noticed Crazy Yiuf
  6777 | D:7      | Killed Crazy Yiuf
  6900 | D:8      | Noticed a two-headed ogre
  6908 | D:8      | Killed a two-headed ogre
  6908 | D:8      | Reached skill level 5 in Dodging
  6908 | D:8      | Reached XP level 10. HP: 82/94 MP: 9/9
  7105 | D:8      | Noticed Maurice
  7113 | D:8      | Killed Maurice
  7167 | D:8      | Noticed Pikel
  7173 | D:8      | Killed Pikel
  7173 | D:8      | Reached skill level 13 in Unarmed Combat
  7191 | D:8      | Found a blossoming altar of Fedhas.
  7191 | D:8      | Found a snail-covered altar of Cheibriados.
  7612 | D:9      | Found Suffy's Gadget Shoppe.
  7679 | D:9      | Reached skill level 5 in Fighting
  8096 | D:9      | Reached skill level 14 in Unarmed Combat
  8135 | D:9      | Found Nafen's Antique Weapon Shoppe.
  8151 | D:9      | Reached ***** piety under Makhleb
  8159 | D:9      | Found a staircase to the Lair.
  8175 | D:9      | Noticed Psyche
  8186 | D:9      | Killed Psyche
  8191 | D:9      | Found a staircase to the Orcish Mines.
  8286 | D:9      | Noticed Gastronok
  8299 | D:9      | Killed Gastronok
  8299 | D:9      | Reached XP level 11. HP: 59/104 MP: 10/10
  8403 | D:9      | Found a flagged portal.
  8615 | D:10     | Entered Level 10 of the Dungeon
  8795 | D:10     | Noticed a two-headed ogre
  8803 | D:10     | Killed a two-headed ogre
  8803 | D:10     | Reached skill level 15 in Unarmed Combat
  9998 | D:11     | Noticed an eight-headed hydra
 10007 | D:11     | HP: 3/105 [12-headed hydra (5)]
 10007 | D:11     | Slain by a 12-headed hydra

Skill      XL: |  1  2  3  4  5  6  7  8  9 10 11 |
---------------+----------------------------------+-----
Unarmed Combat | 4 5 7 8 10 12 14 15 | 15.6
Fighting       | 3 4 5 |  5.6
Dodging        | 3 4 5 6 |  6.1
Stealth        | |  1.0

Action                   |  1- 3 |  4- 6 |  7- 9 | 10-12 || total
-------------------------+-------+-------+-------+-------++-------
Melee: Unarmed           |   115 |   176 |   257 |   344 ||   892
       Punch             |       |     1 |    16 |    16 ||    33
  Use: Potion            |       |       |       |     1 ||     1
 Stab: Sleeping          |     1 |     3 |     3 |     2 ||     9
  Eat: Chunk             |     3 |    11 |     9 |    17 ||    40
       Fruit             |     3 |       |       |     1 ||     4
       Meat ration       |     1 |     1 |     3 |       ||     5
       Royal jelly       |       |     1 |       |     3 ||     4
       Bread ration      |       |       |     2 |     1 ||     3
Armor: Robe              |    55 |    37 |    28 |    35 ||   155
Dodge: Dodged            |    68 |    75 |   159 |   274 ||   576
Block: Other             |       |       |       |    19 ||    19
       Reflection        |       |       |       |     2 ||     2
